 Dungeon Crawl Stone Soup version 0.29.0-4-gdea44cf6ec (webtiles) character file.

Game seed: 10092985214106814489

2468 qw the Cleaver (level 9, -4/54 HPs)
             Began as a Tengu Warper on Aug 28, 2022.
             Was a Believer of Okawaru.
             Slain by Joseph
             ... wielding a +0 quarterstaff
              (17 damage)
             ... on level 7 of the Dungeon.
             The game lasted 00:00:50 (8476 turns).

qw the Cleaver (Tengu Warper)                       Turns: 8476, Time: 00:00:51

Health: -4/54      AC: 11    Str: 14    XL:     9   Next: 51%
Magic:  11/13      EV: 11    Int: 12    God:    Okawaru [**....]
Gold:   926        SH:  0    Dex: 25    Spells: 12/12 levels left

rFire   . . .      SeeInvis .   d - +0 broad axe (venom)
rCold   . . .      Faith    .   (no shield)
rNeg    . . .      Spirit   .   i - +0 chain mail
rPois   +          Reflect  .   (helmet restricted)
rElec   .          Harm     .   (no cloak)
rCorr   .          Rampage  .   (no gloves)
Will    .....                   (boots unavailable)
Stlth   ..........              (no amulet)
HPRegen 0.18/turn               f - +6 ring of dexterity
MPRegen 0.13/turn               j - ring of poison resistance

@: heroic, grasped by roots, flying quickly and evasively, constricted, quick
A: beak, talons 3, nimble flight, agile 1, MP-powered wands
a: Renounce Religion, Heroism


You were on level 7 of the Dungeon.
You worshipped Okawaru.
Okawaru was pleased with you.
You visited 2 branches of the dungeon, and saw 8 of its levels.

You collected 926 gold pieces.


Innate Abilities, Weirdness & Mutations

You have a beak for a mouth.
You have claws for feet.
Your magical nature lets you fly swiftly and evasively.
You are agile. (Dex +4, Str/Int -1)
You expend magic power (3 MP) to strengthen your wands.


   Skills:
 - Level 5.0(10.0) Fighting
 - Level 10.8(15.8) Axes
 - Level 1.0(6.0) Throwing
 - Level 3.7(8.7) Armour
 + Level 3.9(8.9) Dodging
 - Level 2.0 Spellcasting
 - Level 2.4 Translocations
 - Level 4.0 Invocations


You had 12 spell levels left.
You didn't know any spells.
Your spell library contained the following spells:

 Spells                   Type           Power      Damage    Failure   Level
 Blink                    Tloc           12%        N/A       94%         2
 Gell's Gravitas          Tloc           6%         N/A       99%         3
 Lesser Beckoning         Tloc           6%         N/A       99%         3
 Teleport Other           Tloc           6%         N/A       99%         3
 Manifold Assault         Tloc           6%         N/A       100%        5

Inventory:

Hand Weapons
 d - a +0 broad axe of venom (weapon)
 h - a +0 morningstar
Armour
 i - a +0 chain mail (worn)
Jewellery
 f - a +6 ring of dexterity (left hand)
 j - a ring of poison resistance (right hand)
 Y - a ring of resist corrosion
Scrolls
 a - a scroll of identify
 q - a scroll of enchant armour
Potions
 b - a potion of attraction {unknown}
 c - a potion of lignification {unknown}
 e - a potion of curing
 g - a potion of might {unknown}
 k - 2 potions of resistance
 m - a potion of haste
 r - a potion of degeneration {unknown}

Dungeon Overview and Level Annotations

Branches:
Dungeon (7/15)             Temple (1/1) D:4

Altars:
Ashenzari
Cheibriados
Dithmenos
Elyvilon
Fedhas
Gozag
Hepliaklqana
Kikubaaqudgha
Makhleb
Nemelex Xobeh
Okawaru
Qazlal
Ru
Sif Muna
Trog
Uskayaw
Vehumet
Wu Jian
Xom
Yredelemnul
Zin
The Shining One

Shops:
D:6 ((

Annotations:
D:5 2 transporters, 1 runed translucent door, Crazy Yiuf; qw's ghost, novice TeWr
D:7 Joseph


Message History

Joseph, a Mercenary comes into view.
He is wielding a +0 quarterstaff, wearing a +1 leather armour of cold resistance and carrying a wand of roots (5).
Joseph shouts!
Found a stone staircase leading up.
Enter note:
Enter note:
Enter note: Joseph hits you with a +0 quarterstaff!
There is an open door here.
You slash Joseph!
Joseph is poisoned.
Your peck misses Joseph.
Joseph is lightly wounded.
Joseph closely misses you.
You closely miss Joseph.
Joseph is lightly wounded.
Joseph misses you.
You closely miss Joseph. You claw Joseph. Your peck misses Joseph.
Joseph is lightly wounded.
Joseph hits you with a +0 quarterstaff.
You barely miss Joseph.
Joseph is moderately wounded.
Joseph hits you with a +0 quarterstaff.
8472 ||| INVOKING Heroism.
You gain the combat prowess of a mighty hero.
Joseph barely misses you.
You closely miss Joseph. Your kick misses Joseph. You peck Joseph.
Joseph is moderately wounded.
Joseph hits you with a +0 quarterstaff!
You hit Joseph. You claw Joseph.
Joseph is heavily wounded.
Joseph zaps a wand.
The roots erupt in riotous growth!
The grasping roots grab you!
Joseph is unaffected.
The grasping roots constrict you.
You hear a bark!
You hit Joseph but do no damage.
Joseph looks as sick as possible!
You claw Joseph. Your peck misses Joseph.
Joseph is heavily wounded.
Joseph hits you with a +0 quarterstaff! The grasping roots constrict you.
You closely miss Joseph. Your kick misses Joseph.
Joseph is heavily wounded.
Joseph hits you with a +0 quarterstaff!
You die...

#.....# ###.#.#
##.......##
#####....###.........#
.K.........+...<.....+
#####....###.........#
##.#.# #.......#
########.## #.....#
.......)..# #.@.#
.######.#.### #@#
##...#...# #.#
.###..#####.# #.#
........#...# ##.##
####.##.#.#####...##
#.##............######
#.#####.####..........
#.#####.## ##.########
#......#.# #.#


You could see Joseph (extremely poisoned).

Vanquished Creatures
  Prince Ribbit (D:5)
  Grinder (D:4)
  Eustachio (D:6)
  A wyvern (D:7)
  A steam dragon (D:6)
  Menkaure (D:7)
  A water moccasin (D:5)
  Duvessa (D:7)
  A black bear (D:5)
  2 centaurs
  A bullfrog (D:7)
  2 scorpions
  A kobold brigand (D:7)
  A gnoll sergeant (D:6)
  Dowan (D:7)
  An electric eel (D:6)
  A howler monkey (D:5)
  A jelly (D:5)
  2 orc priests
  11 orc wizards
  An iguana (D:5)
  10 gnolls (D:6)
  7 adders
  2 white imps (D:7)
  An ufetubus (D:5)
  A worm (D:2)
  3 dart slugs
  22 orcs
  4 endoplasms
  2 giant cockroaches
  10 goblins
  11 hobgoblins
  4 jackals
  12 kobolds
  6 quokkas
  9 ball pythons
  6 bats
  3 frilled lizards
  6 rats
153 creatures vanquished.

Vanquished Creatures (others)
  A plant (D:6)
1 creature vanquished.

Grand Total: 154 creatures vanquished

Notes
Turn   | Place    | Note
-------+----------+-------------------------------------------
     0 | D:1      | qw the Tengu Warper began the quest for the Orb.
     0 | D:1      | Reached XP level 1. HP: 12/12 MP: 4/4
     0 | D:1      | 0 ||| qw: Version: 0.1-a-89-g26bdef1
     0 | D:1      | 0 ||| qw: Game counter: 424
     0 | D:1      | 0 ||| qw: Always use a shield: true
     0 | D:1      | 0 ||| qw: God list: Okawaru
     0 | D:1      | 0 ||| qw: Allow faded altars: false
     0 | D:1      | 0 ||| qw: Do Orc after D:15 true
     0 | D:1      | 0 ||| qw: Do second Lair branch before Depths: true
     0 | D:1      | 0 ||| qw: Lair rune preference: random
     0 | D:1      | 0 ||| qw: Plans: Normal
     0 | D:1      | 0 ||| PLANNING D:1-11
    55 | D:1      | Reached skill level 3 in Axes
    55 | D:1      | Reached XP level 2. HP: 8/17 MP: 6/6
   340 | D:1      | 340 ||| Stepping ~*~*~tactically~*~*~ (stealth).
   435 | D:1      | 435 ||| DROPPING +0 club.
   927 | D:1      | Reached XP level 3. HP: 20/21 MP: 7/7
  1123 | D:1      | 1123 ||| READING 2 scrolls labelled HAOMADOETI.
  1124 | D:1      | 1124 ||| DROPPING scroll of blinking.
  1162 | D:2      | 1162 ||| STAIRDANCE
  1183 | D:2      | 1183 ||| Stepping ~*~*~tactically~*~*~ (stealth).
  1199 | D:2      | Reached skill level 4 in Axes
  1217 | D:2      | 1217 ||| Stepping ~*~*~tactically~*~*~ (stealth).
  1292 | D:2      | 1292 ||| Stepping ~*~*~tactically~*~*~ (stealth).
  1294 | D:2      | 1294 ||| Stepping ~*~*~tactically~*~*~ (stealth).
  1327 | D:2      | 1327 ||| Stepping ~*~*~tactically~*~*~ (stealth).
  1359 | D:2      | 1359 ||| FLEEEEING.
  1361 | D:2      | 1361 ||| FLEEEEING.
  1362 | D:2      | 1362 ||| FLEEEEING.
  1637 | D:2      | 1637 ||| Stepping ~*~*~tactically~*~*~ (stealth).
  1839 | D:2      | Reached XP level 4. HP: 26/26 MP: 8/8
  1848 | D:2      | 1848 ||| UPGRADING to +0 ring mail.
  1858 | D:2      | 1858 ||| DROPPING +0 leather armour.
  1859 | D:2      | 1859 ||| UPGRADING to ring of resist corrosion.
  1860 | D:2      | 1860 ||| DRINKING 2 fizzy brown potions.
  1861 | D:2      | 1861 ||| DRINKING 2 purple potions.
  1861 | D:2      | Gained mutation: You occasionally lose the ability to drink
                  | potions when taking damage. [potion of mutation]
  1861 | D:2      | Gained mutation: You possess an exceptional clarity of
                  | mind. [potion of mutation]
  1862 | D:2      | 1862 ||| DRINKING potion of mutation.
  1862 | D:2      | Lost mutation: You occasionally lose the ability to drink
                  | potions when taking damage. [potion of mutation]
  1862 | D:2      | Lost mutation: You possess an exceptional clarity of mind.
                  | [potion of mutation]
  1862 | D:2      | Gained mutation: You are agile. (Dex +4, Str/Int -1)
                  | [potion of mutation]
  1862 | D:2      | Gained mutation: You expend magic power (3 MP) to
                  | strengthen your wands. [potion of mutation]
  1909 | D:3      | Found a hazy altar of Hepliaklqana.
  1911 | D:3      | Found a white marble altar of Elyvilon.
  1911 | D:3      | Found a basalt altar of Yredelemnul.
  1922 | D:3      | Found a shimmering altar of Xom.
  2016 | D:3      | 2016 ||| Stepping ~*~*~tactically~*~*~ (stealth).
  2018 | D:3      | 2018 ||| Stepping ~*~*~tactically~*~*~ (stealth).
  2027 | D:3      | 2027 ||| Stepping ~*~*~tactically~*~*~ (stealth).
  2028 | D:3      | 2028 ||| Stepping ~*~*~tactically~*~*~ (stealth).
  2035 | D:3      | 2035 ||| Stepping ~*~*~tactically~*~*~ (stealth).
  2042 | D:3      | 2042 ||| Stepping ~*~*~tactically~*~*~ (stealth).
  2081 | D:3      | Found a faded altar of an unknown god.
  2148 | D:3      | 2148 ||| Stepping ~*~*~tactically~*~*~ (stealth).
  2153 | D:3      | 2153 ||| Stepping ~*~*~tactically~*~*~ (stealth).
  2163 | D:3      | 2163 ||| Stepping ~*~*~tactically~*~*~ (stealth).
  2186 | D:3      | Reached skill level 5 in Axes
  2404 | D:3      | Found a sacrificial altar of Ru.
  2446 | D:3      | 2446 ||| FLEEEEING.
  2592 | D:3      | 2592 ||| Stepping ~*~*~tactically~*~*~ (stealth).
  2693 | D:3      | 2693 ||| Stepping ~*~*~tactically~*~*~ (stealth).
  2904 | D:3      | 2904 ||| UPGRADING to +0 chain mail.
  2914 | D:3      | 2914 ||| DROPPING +0 ring mail.
  2915 | D:3      | 2915 ||| UPGRADING to ring of poison resistance.
  2916 | D:3      | 2916 ||| READING scroll labelled ICKYPH FONO.
  2917 | D:3      | 2917 ||| READING scroll labelled SIOSYL CODORU.
  2918 | D:3      | 2918 ||| READING 4 scrolls of identify.
  2918 | D:3      | 2918 ||| IDENTIFYING dark potion
  2919 | D:3      | 2919 ||| READING 3 scrolls of identify.
  2919 | D:3      | 2919 ||| IDENTIFYING golden potion
  2920 | D:3      | 2920 ||| READING 2 scrolls of identify.
  2920 | D:3      | 2920 ||| IDENTIFYING fuming sapphire potion
  2921 | D:3      | 2921 ||| DROPPING potion of brilliance.
  2922 | D:3      | 2922 ||| DROPPING potion of flight.
  2966 | D:4      | Noticed Grinder
  2974 | D:4      | HP: 4/26 [Grinder (3)]
  2975 | D:4      | 2975 ||| DRINKING potion of heal wounds.
  2983 | D:4      | Killed Grinder
  2984 | D:4      | Reached skill level 7 in Axes
  2984 | D:4      | Gained mutation: Your magical nature lets you fly swiftly
                  | and evasively. [Tengu growth]
  2984 | D:4      | Reached XP level 5. HP: 26/30 MP: 9/9
  2984 | D:4      | Reached XP level 6. HP: 31/35 MP: 10/10
  3030 | D:4      | Found a staircase to the Ecumenical Temple.
  3031 | D:4      | 3031 ||| PLANNING TEMPLE
  3037 | Temple   | Entered the Ecumenical Temple
  3049 | Temple   | Became a worshipper of Warmaster Okawaru
  3050 | Temple   | 3050 ||| Stepping randomly (stuck).
  3051 | Temple   | 3051 ||| PLANNING D:1-11
  3271 | D:4      | 3271 ||| Stepping ~*~*~tactically~*~*~ (stealth).
  3303 | D:4      | 3303 ||| SWAPPING to +0 war axe.
  3304 | D:4      | 3304 ||| DROPPING +0 hand axe.
  3578 | D:4      | 3578 ||| Stepping ~*~*~tactically~*~*~ (stealth).
  3963 | D:4      | Found a broken altar of Ashenzari.
  3968 | D:4      | Found a blossoming altar of Fedhas.
  4000 | D:5      | Entered Level 5 of the Dungeon
  4000 | D:5      | Noticed a water moccasin
  4007 | D:5      | HP: 4/36 [water moccasin (6)]
  4008 | D:5      | 4008 ||| DRINKING potion of heal wounds.
  4013 | D:5      | HP: 5/36 [water moccasin (5)]
  4015 | D:5      | Killed a water moccasin
  4016 | D:5      | Reached skill level 3 in Fighting
  4016 | D:5      | Reached XP level 7. HP: 5/42 MP: 11/11
  4016 | D:5      | 4016 ||| STAIRDANCE
  4395 | D:5      | Reached * piety under Okawaru
  4398 | D:5      | 4398 ||| INVOKING Heroism.
  4446 | D:5      | 4446 ||| Stepping ~*~*~tactically~*~*~ (stealth).
  4448 | D:5      | 4448 ||| INVOKING Heroism.
  4621 | D:5      | Reached skill level 8 in Axes
  4753 | D:5      | 4753 ||| SWAPPING to +0 broad axe.
  4754 | D:5      | 4754 ||| DROPPING +0 war axe.
  4794 | D:5      | 4794 ||| INVOKING Heroism.
  4802 | D:5      | Reached skill level 1 in Invocations
  4811 | D:5      | Found a transporter.
  4811 | D:5      | Noticed qw's ghost (novice TeWr)
  4816 | D:5      | 4816 ||| Stepping ~*~*~tactically~*~*~ (stealth).
  4817 | D:5      | Noticed Prince Ribbit
  4818 | D:5      | 4818 ||| INVOKING Heroism.
  4819 | D:5      | 4819 ||| Stepping ~*~*~tactically~*~*~ (stealth).
  4827 | D:5      | 4827 ||| Stepping ~*~*~tactically~*~*~ (stealth).
  4830 | D:5      | Killed Prince Ribbit
  4831 | D:5      | Reached skill level 3 in Armour
  4831 | D:5      | Reached XP level 8. HP: 40/48 MP: 10/12
  4832 | D:5      | 4832 ||| Stepping ~*~*~tactically~*~*~ (stealth).
  4849 | D:5      | 4849 ||| INVOKING Heroism.
  4923 | D:5      | 4923 ||| Stepping ~*~*~tactically~*~*~ (stealth).
  4985 | D:5      | 4985 ||| DROPPING +0 flail.
  5016 | D:5      | Found an ancient bone altar of Kikubaaqudgha.
  5028 | D:5      | 5028 ||| DRINKING 3 potions of curing.
  5028 | D:5      | 5028 ||| (to cure confusion)
  5036 | D:5      | Reached skill level 3 in Invocations
  5110 | D:5      | Found a radiant altar of Vehumet.
  5183 | D:5      | Found a shimmering blue altar of Sif Muna.
  5230 | D:5      | Found a transporter.
  5250 | D:5      | Found a runed translucent door.
  5251 | D:5      | Noticed Crazy Yiuf
  5471 | D:5      | 5471 ||| READING scroll labelled NAOWNA ESICRUY.
  5472 | D:5      | 5472 ||| DRINKING 2 bubbling dark potions.
  5473 | D:5      | 5473 ||| Stepping randomly (stuck).
  5475 | D:5      | 5475 ||| Stepping randomly (stuck).
  5476 | D:5      | 5476 ||| Stepping randomly (stuck).
  5611 | D:5      | 5611 ||| Stepping randomly (stuck).
  5632 | D:6      | 5632 ||| INVOKING Heroism.
  5640 | D:6      | 5640 ||| STAIRDANCE
  5689 | D:6      | 5689 ||| Stepping ~*~*~tactically~*~*~ (stealth).
  5695 | D:6      | 5695 ||| INVOKING Heroism.
  5899 | D:6      | 5899 ||| INVOKING Heroism.
  6074 | D:6      | 6074 ||| Stepping ~*~*~tactically~*~*~ (stealth).
  6080 | D:6      | 6080 ||| Stepping ~*~*~tactically~*~*~ (stealth).
  6131 | D:6      | 6131 ||| Stepping ~*~*~tactically~*~*~ (stealth).
  6133 | D:6      | 6133 ||| Stepping ~*~*~tactically~*~*~ (stealth).
  6143 | D:6      | 6143 ||| INVOKING Heroism.
  6149 | D:6      | Reached skill level 9 in Axes
  6296 | D:6      | Found Ulucwen's Antique Weapon Shoppe.
  6349 | D:6      | 6349 ||| INVOKING Heroism.
  6349 | D:6      | HP: 10/46 [gnoll sergeant/+0 trident (3)]
  6351 | D:6      | HP: 3/46 [gnoll sergeant/+0 trident (4)]
  6732 | D:6      | Found Tukonet's Antique Weapon Shoppe.
  6838 | D:6      | 6838 ||| INVOKING Heroism.
  7001 | D:6      | Noticed Eustachio
  7002 | D:6      | 7002 ||| INVOKING Heroism.
  7012 | D:6      | Killed Eustachio
  7013 | D:6      | Reached XP level 9. HP: 51/52 MP: 11/13
  7030 | D:6      | 7030 ||| INVOKING Heroism.
  7033 | D:6      | Reached ** piety under Okawaru
  7034 | D:6      | Reached skill level 3 in Dodging
  7207 | D:6      | Found a burning altar of Makhleb.
  7230 | D:6      | Found a hide-covered altar of Uskayaw.
  7275 | D:6      | 7275 ||| READING scroll labelled TEOHIPP HONK.
  7275 | D:6      | Identified a scroll of acquirement
  7275 | D:6      | 7275 ||| ACQUIRING 569 gold pieces
  7275 | D:6      | Acquired 569 gold pieces
  7277 | D:6      | 7277 ||| READING scroll labelled KEMPECZINE.
  7280 | D:6      | 7280 ||| READING scroll labelled ROIN AVEBI.
  7281 | D:6      | 7281 ||| READING scroll labelled CALEDU OJAT.
  7282 | D:6      | 7282 ||| READING scroll labelled RAYGUI ZOEBO.
  7345 | D:7      | 7345 ||| Stepping ~*~*~tactically~*~*~ (hiding).
  7353 | D:7      | 7353 ||| INVOKING Heroism.
  7491 | D:7      | 7491 ||| INVOKING Heroism.
  7494 | D:7      | Reached skill level 10 in Axes
  7617 | D:7      | 7617 ||| DRINKING 2 potions of curing.
  7617 | D:7      | 7617 ||| (to cure confusion)
  7634 | D:7      | 7634 ||| DRINKING potion of curing.
  7634 | D:7      | 7634 ||| (to cure confusion)
  7694 | D:7      | Noticed Duvessa
  7694 | D:7      | Noticed Dowan
  7695 | D:7      | 7695 ||| INVOKING Heroism.
  7696 | D:7      | 7696 ||| Stepping ~*~*~tactically~*~*~ (hiding).
  7702 | D:7      | Killed Duvessa
  7704 | D:7      | Killed Dowan
  7937 | D:7      | Noticed Menkaure
  7938 | D:7      | 7938 ||| Stepping ~*~*~tactically~*~*~ (hiding).
  7944 | D:7      | 7944 ||| INVOKING Heroism.
  7946 | D:7      | Killed Menkaure
  8065 | D:7      | 8065 ||| FLEEEEING.
  8066 | D:7      | 8066 ||| FLEEEEING.
  8067 | D:7      | 8067 ||| FLEEEEING.
  8068 | D:7      | 8068 ||| FLEEEEING.
  8069 | D:7      | 8069 ||| FLEEEEING.
  8070 | D:7      | 8070 ||| FLEEEEING.
  8076 | D:7      | 8076 ||| FLEEEEING.
  8077 | D:7      | 8077 ||| FLEEEEING.
  8078 | D:7      | 8078 ||| FLEEEEING.
  8079 | D:7      | 8079 ||| FLEEEEING.
  8080 | D:7      | 8080 ||| FLEEEEING.
  8092 | D:7      | 8092 ||| FLEEEEING.
  8093 | D:7      | 8093 ||| FLEEEEING.
  8094 | D:7      | 8094 ||| FLEEEEING.
  8095 | D:7      | 8095 ||| FLEEEEING.
  8096 | D:7      | 8096 ||| FLEEEEING.
  8097 | D:7      | 8097 ||| FLEEEEING.
  8103 | D:7      | 8103 ||| FLEEEEING.
  8114 | D:7      | 8114 ||| FLEEEEING.
  8125 | D:7      | 8125 ||| FLEEEEING.
  8136 | D:7      | 8136 ||| FLEEEEING.
  8151 | D:7      | 8151 ||| FLEEEEING.
  8152 | D:7      | 8152 ||| FLEEEEING.
  8154 | D:7      | 8154 ||| STAIRDANCE
  8264 | D:6      | 8264 ||| UPGRADING to +6 ring of dexterity.
  8272 | D:7      | 8272 ||| INVOKING Heroism.
  8466 | D:7      | Noticed Joseph
  8472 | D:7      | 8472 ||| INVOKING Heroism.
  8475 | D:7      | HP: 13/54 [constriction (2)]
  8476 | D:7      | Slain by Joseph

Levels and vault maps discovered:
D:1:      eino_arrival_water_star, layout_loops_ring,
          hangedman_abyss_or_decor_lesser_grid
D:2:      layout_rooms, small_statue_intersection
D:3:      layout_loops_cross, grunt_temple_overflow_open,
          mainiacjoe_overflow_tiny_flanked,
          hellmonk_ecumenical_altar_pennies_from_heaven
D:4:      layout_loops_ring, mainiacjoe_overflow_big_doors,
          minmay_temple_entry_metal_lava, uniq_grinder
D:5:      layout_loops_ring, palyth_temple_overflow_mages,
          gammafunk_ghost_arena, uniq_crazy_yiuf_cottage, uniq_prince_ribbit1
D:6:      layout_basic, mainiacjoe_overflow_swirl, serial_shops, shop,
          nicolae_shop_crystal, serial_bayou, serial_bayou_pond_d,
          serial_bayou_pond_b, serial_bayou_crossing, serial_bayou_shore_b,
          uniq_eustachio
D:7:      layout_loops_corners, uniq_menkaure, uniq_joseph, uniq_duvessa
Temple:   hellmonk_temple_rainy

Skill      XL: |  1  2  3  4  5  6  7  8  9 |
---------------+----------------------------+-----
Axes           | 3 4 7 8 9 10 | 10.8
Armour         | 2 3 |  3.7
Fighting       | 3 4 5 |  5.0
Invocations    | 2 4 |  4.0
Dodging        | 3 |  3.9
Throwing       | |  1.0
Spellcasting   | |  2.0
Translocations | |  2.4

Action                   |  1- 3 |  4- 6 |  7- 9 || total
-------------------------+-------+-------+-------++-------
Melee: Hand axe          |    99 |   106 |       ||   205
       Kick              |    20 |    39 |    51 ||   110
       Peck              |    15 |    24 |    33 ||    72
       War axe           |       |    58 |    20 ||    78
       Punch             |       |     1 |     3 ||     4
       Broad axe         |       |       |   164 ||   164
Throw: Boomerang         |     7 |    10 |       ||    17
Invok: Heroism           |       |       |    19 ||    19
  Use: Scroll            |     1 |     5 |     6 ||    12
       Potion            |       |     5 |     4 ||     9
Armor: Leather armour    |    28 |       |       ||    28
       Ring mail         |       |    21 |       ||    21
       Chain mail        |       |    44 |    83 ||   127
Dodge: Dodged            |    46 |    60 |    65 ||   171

Table legend:
 A = Non-vault XP
 B = Vault XP
 C = Vault XP percentage of total XP
 D = Non-vault monster count
 E = Vault monster count
 F = Vault count percentage of total count
                 A         B        C        D         E       F
            +---------+---------+-------+---------+---------+-------
      Total |    2057 |    1469 |  41.7 |     138 |      15 |   9.8
            +---------+---------+-------+---------+---------+-------
        D:1 |      39 |       0 |   0.0 |      22 |       0 |   0.0
        D:2 |      43 |       0 |   0.0 |      23 |       0 |   0.0
        D:3 |      66 |       0 |   0.0 |      22 |       0 |   0.0
        D:4 |     161 |     267 |  62.4 |      25 |       1 |   3.8
        D:5 |     663 |     482 |  42.1 |      21 |       7 |  25.0
        D:6 |     548 |     341 |  38.4 |      14 |       4 |  22.2
        D:7 |     537 |     379 |  41.4 |      11 |       3 |  21.4
            +---------+---------+-------+---------+---------+-------
